 Dungeon Crawl Stone Soup version 0.26-a0-667-g92642533e4 (webtiles) character file.

Game seed: 5909796563872410133

2 spooktacular the Magician (level 1, -3/13 HPs)
             Began as a Mummy Fire Elementalist on Oct 16, 2020.
             Slain by a worm (9 damage)
             ... on level 2 of the Dungeon.
             The game lasted 00:01:40 (97 turns).

spooktacular the Magician (Mummy Fire Elementalist)   Turns: 97, Time: 00:01:41

Health: -3/13      AC:  2    Str: 11    XL:     1   Next: 25%
Magic:  1/4        EV: 12    Int: 14    God:
Gold:   22         SH:  0    Dex: 12    Spells: 4/5 levels left

rFire    x . .     SeeInvis .   (no weapon)
rCold    + . .     Faith    .   (no shield)
rNeg     + + +     Spirit   .   a - +0 robe
rPois    ∞         Reflect  .   (no helmet)
rElec    .         Harm     .   (no cloak)
rCorr    .         Rampage  .   (no gloves)
MR       .....                  (no boots)
Stlth    ++........             (no amulet)
HPRegen  0.04/turn              (no ring)
MPRegen  0.09/turn              (no ring)

@: no status effects
A: no potions, fire vulnerability, cold resistance 1, negative energy resistance
3, torment resistance, unbreathing
a: no special abilities


You were on level 2 of the Dungeon.
You visited 1 branch of the dungeon, and saw 2 of its levels.

You collected 22 gold pieces.

Inventory:

Armour
 a - a +0 robe (worn)


   Skills:
 + Level 1.5 Dodging
 + Level 1.6 Stealth
 + Level 2.6 Spellcasting
 + Level 0.7 Conjurations
 + Level 2.5 Fire Magic


You had 4 spell levels left.
You knew the following spells:

 Your Spells              Type           Power        Failure   Level
a - Foxfire               Conj/Fire      #...         12%         1

Your spell library contained the following spells:

 Spells                   Type           Power        Failure   Level
 Conjure Flame            Conj/Fire      #.......     34%         3
 Inner Flame              Hex/Fire       #.......     36%         3
 Sticky Flame             Conj/Fire      #.......     75%         4
 Fireball                 Conj/Fire      #.........   97%         5


Dungeon Overview and Level Annotations

Branches:
Dungeon (2/15)

Altars:


Innate Abilities, Weirdness & Mutations

You do not drink.
Your flesh is vulnerable to fire.
You are immune to poison.
Your flesh is cold resistant. (rC+)
You are immune to negative energy. (rN+++)
You are immune to unholy pain and torment.
You can survive without breathing.


Message History

You don't have enough magic to cast that spell.
Casting: Foxfire (safe; 12% risk of failure)
Confirm with . or Enter, or press ? or * to list all spells.
You don't have enough magic to cast that spell.
Unknown command.
Unknown command.
Unknown command.
You hit the worm but do no damage.
The worm is moderately wounded.
You barely miss the worm.
The worm is moderately wounded.
The worm bites you!
Ouch! That really hurt!
You hit the worm.
The worm is heavily wounded.
You hit the worm but do no damage.
The worm is heavily wounded.
The worm bites you!
Ouch! That really hurt!
You die...

..## ..B
..# .. .#
###[#.##.#
#r.r......
#w#..#####
#@#$.# ##
#v#r.# #.#
#.#..##.#
#.##.#.#
#.....#
#..#.#.###
#.........
#..#####.#
#..#


You could see a worm, a giant cockroach (asleep) and a rat.

Vanquished Creatures
  A giant cockroach (D:2)
  A frilled lizard (D:2)
2 creatures vanquished.

Vanquished Creatures (others)
  6 foxfires (D:2)
6 creatures vanquished.

Grand Total: 8 creatures vanquished

Notes
Turn   | Place    | Note
-------+----------+-------------------------------------------
     0 | D:1      | spooktacular the Mummy Fire Elementalist began the quest
                  | for the Orb.
     0 | D:1      | Reached XP level 1. HP: 13/13 MP: 4/4
    97 | D:2      | Slain by a worm

Illustrated notes

Levels and vault maps discovered:
D:1:      dpeg_arrival_water_fire, layout_basic
D:2:      layout_loops_ring, minmay_curled_crystal

Action                   || total
-------------------------++-------
Melee: Unarmed           ||     9
 Cast: Foxfire           ||     7
Armor: Robe              ||     1
Dodge: Dodged            ||     4

Table legend: (Time is in decaauts)
 A = Elapsed time spent in this place.
 B = Non-inter-level travel time spent in this place.
 C = Inter-level travel time spent in this place.
 D = Time resting spent in this place.
 E = Time spent auto-exploring this place.
 F = Levels seen in this place.
 G = Mean time per level.
                   A        B        C        D        E       F      G
               +--------+--------+--------+--------+--------+-----+--------+
         Total |     96 |     78 |     18 |      0 |      0 |   2 |   48.0 |
       Dungeon |     96 |     78 |     18 |      0 |      0 |   2 |   48.0 |
               +--------+--------+--------+--------+--------+-----+--------+

Top non-repeatable levels by time:
     D:2: 85 daAuts
     D:1: 11 daAuts
